 Dungeon Crawl Stone Soup version 0.29-a0-284-gf9362112df (webtiles) character file.

Game seed: 17724357506167937107

7 brightf1ame the Scratcher (level 1, -1/9 HPs)
             Began as a Felid Transmuter on Mar 22, 2022.
             Slain by a quokka (5 damage)
             ... on level 1 of the Dungeon.
             The game lasted 00:04:33 (277 turns).

brightf1ame the Scratcher (Felid Transmuter)         Turns: 277, Time: 00:04:34

Health: -1/9       AC:  1    Str:  6    XL:     1   Next: 91%
Magic:  3/4        EV: 17    Int: 14    God:
Gold:   4          SH:  0    Dex: 16    Spells: 3/4 levels left
                                        Lives:  0   Deaths: 0

rFire   . . .      SeeInvis +     - Unarmed
rCold   . . .      Faith    .   (shield unavailable)
rNeg    . . .      Spirit   .   (body armour unavailable)
rPois   .          Reflect  .   (helmet unavailable)
rElec   .          Harm     .   (cloak unavailable)
rCorr   .          Rampage  .   (gloves unavailable)
Will    .....                   (boots unavailable)
Stlth   +.........              (no amulet)
HPRegen 0.03/turn               (no ring)
MPRegen 0.09/turn               (no ring)

@: appendages, quick
A: horns 2, very small, claws 1, fangs 3, see invisible, speed 1, shaggy fur 1,
stealthy paws, no weapons or thrown items, no armour, multi-lived
a: End Transformation


You were on level 1 of the Dungeon.
You had temporarily grown beastly horns.
You visited 1 branch of the dungeon, and saw 1 of its levels.

You collected 4 gold pieces.

Inventory:

Scrolls
 b - a scroll of identify
Potions
 a - a potion of lignification


   Skills:
 + Level 1.0 Fighting
 + Level 2.8 Dodging
 + Level 3.1 Unarmed Combat
 + Level 2.0 Spellcasting
 + Level 2.5 Transmutations


You had 3 spell levels left.
You knew the following spells:

 Your Spells              Type           Power      Damage    Failure   Level
a - Beastly Appendage     Tmut           16%        N/A       9%          1

Your spell library contained the following spells:

 Spells                   Type           Power      Damage    Failure   Level
 Wereblood                Tmut           8%         N/A       12%         2
 Spider Form              Tmut/Pois      5%         N/A       38%         3
 Ice Form                 Ice/Tmut       5%         N/A       80%         4


Dungeon Overview and Level Annotations

Branches:
Dungeon (1/15)

Altars:


Innate Abilities, Weirdness & Mutations

You have temporarily grown beastly horns.
You have sharp claws.
You have razor-sharp teeth.
You have supernaturally acute eyesight. (SInv)
You cover ground quickly. (Speed+)
You are covered in fur. (AC +1)
Your paws help you pounce on unaware monsters.
You are incapable of wielding weapons or throwing items.
You cannot wear armour.
You gain extra lives every three experience levels.


Message History

You kill the giant cockroach!
You see here a giant cockroach corpse.
There is a fountain of clear blue water here.
You can't go up here!
You can't go down here!
Okay, then.
Your horns disappear. 2 rats come into view.
A quokka comes into view.
The quokka barely misses you.
You scratch the quokka.
The quokka is lightly wounded.
The quokka closely misses you.
You closely miss the quokka. Your bite misses the quokka.
The quokka is lightly wounded.
The quokka misses you.
You miss the quokka. Your bite misses the quokka.
The quokka is lightly wounded.
The quokka completely misses you. The quokka closely misses you.
Casting: Beastly Appendage (safe; 9% risk of failure)
Confirm with . or Enter, or press ? or * to list all spells.
You miscast Beastly Appendage.
You are very lightly contaminated with residual magic.
Nothing appears to happen.
The quokka bites you.
Ouch! That really hurt!
Casting: Beastly Appendage (safe; 9% risk of failure)
Confirm with . or Enter, or press ? or * to list all spells.
You grow a pair of large bovine horns.
Your magical contamination has completely faded away.
You scratch the rat.
The rat is moderately wounded.
The rat misses you.
You closely miss the quokka.
The quokka is lightly wounded.
The quokka completely misses you. The rat barely misses you.
You scratch the quokka.
The quokka is moderately wounded.
The quokka bites you.
Ouch! That really hurt!
You die...

##...##...#############
#.†.##................
##...####.#####.#######
#8...8#...# #.# ##...######
#.####### ##.....##
#.#...... ###.......###
#.#...).. #8.........8#
#.#).....
#.....⌠..@..######.#[.....
#.....###.rr..##...........
.....# ##r....####.##+####
....8 #8....8# #.# ...##
###...## #.# ... #...# #.#
.# #.######.## #.##.....##.
#.#.........####


You could see a quokka and 2 rats.

Vanquished Creatures
  2 giant cockroaches (D:1)
  2 kobolds (D:1)
  A quokka (D:1)
  A rat (D:1)
6 creatures vanquished.

Notes
Turn   | Place    | Note
-------+----------+-------------------------------------------
     0 | D:1      | brightf1ame the Felid Transmuter began the quest for the
                  | Orb.
     0 | D:1      | Reached XP level 1. HP: 9/9 MP: 4/4
   277 | D:1      | Slain by a quokka

Illustrated notes

Levels and vault maps discovered:
D:1:      sevenhm_arrival_forest_fort_large_4, layout_basic,
          dreamdust_ecumenical_altar_hidden_monk_grotto,
          hangedman_decor_opposing, chequers_hall_statues_y,
          minmay_misc_feat_nine_boxes

Action                   || total
-------------------------++-------
Melee: Unarmed           ||    23
       Bite              ||     3
 Cast: Beastly Appendage ||     5
  Use: Scroll            ||     1
Armor: Skin              ||     1
Dodge: Dodged            ||    18

Table legend: (Time is in decaauts)
 A = Elapsed time spent in this place.
 B = Non-inter-level travel time spent in this place.
 C = Inter-level travel time spent in this place.
 D = Time resting spent in this place.
 E = Time spent auto-exploring this place.
 F = Levels seen in this place.
 G = Mean time per level.
                   A        B        C        D        E       F      G
               +--------+--------+--------+--------+--------+-----+--------+
         Total |    227 |     87 |    140 |      0 |      0 |   1 |  227.0 |
       Dungeon |    227 |     87 |    140 |      0 |      0 |   1 |  227.0 |
               +--------+--------+--------+--------+--------+-----+--------+

Top non-repeatable levels by time:
     D:1: 227 daAuts
